 Dungeon Crawl Stone Soup version bcrawl-1.30.1 (webtiles) character file.

Game seed: 3526599441816740951

506165 Artagas the Slicer (level 8, 0/51 HPs)
             Began as a Skeleton Martial Artist on Mar 14, 2021.
             Was a Believer of Wu Jian.
             Shot with a bolt by a big kobold (7 damage)
             ... on level 7 of the Dungeon.
             The game lasted 00:16:35 (1696 turns).

Artagas the Slicer (Skeleton Martial Artist)        Turns: 1696, Time: 00:16:35

Health: 0/51       AC: 13    Str: 22    XL:     8   Next: 16%
Magic:  0/10       EV:  8    Int: 13    God:    Wu Jian [**....]
Gold:   210        SH:  0    Dex: 11    Spells: 9/10 levels left

rFire    . . .     SeeInvis .   b - +1 short sword
rCold    + . .     Gourm    .   (no shield)
rNeg     + + +     Faith    .   d - +0 plate armour
rPois    ∞         Spirit   +   (no helmet)
rElec    .         Reflect  .   (no cloak)
rCorr    .         Harm     .   o - +0 pair of gloves
MR       +....                  (no boots)
Stlth    ..........             (no amulet)
HPRegen  0.17/turn              n - +6 ring of intelligence
MPRegen  0.12/turn              (no ring)

@: exhausted, drained
A: no food or potions, cold resistance 1, deterioration 1, negative energy
resistance 3, powered by death 1, torment resistance, unbreathing, magic shield,
sturdy frame 1, spell healing
a: Wall Jump, Serpent's Lash, Renounce Religion


You were on level 7 of the Dungeon.
You worshipped Wu Jian.
Wu Jian was pleased with you.
You were not hungry.

You visited 1 branch of the dungeon, and saw 7 of its levels.

You collected 210 gold pieces.

Inventory:

Hand Weapons
 a - a +0 blowgun
   (You took it off a kobold on level 2 of the Dungeon)
 b - a +1 short sword (weapon)
   (You took it off a kobold on level 2 of the Dungeon)
 f - a +0 hunting sling
   (You found it on level 2 of the Dungeon)
 m - a +0 hand crossbow
   (You found it on level 3 of the Dungeon)
Missiles
 e - 92 javelins (quivered)
 j - 5 curare-tipped needles
 q - 75 poisoned needles
Armour
 d - a +0 plate armour (worn)
   (You found it on level 1 of the Dungeon)
 o - a +0 pair of gloves (worn)
   (You found it on level 6 of the Dungeon)
Jewellery
 c - an uncursed amulet of guardian spirit {unknown}
   (You found it on level 6 of the Dungeon)
 n - a +6 ring of intelligence (left hand)
   (You found it on level 4 of the Dungeon)
Scrolls
 g - a scroll of magic mapping {unknown}
 h - a scroll of fog {unknown}
 i - 2 scrolls of amnesia {unknown}
 k - a scroll of immolation {unknown}
 l - a scroll of noise {unknown}
 p - a scroll of enchant weapon
 r - a scroll of brand weapon {unknown}


   Skills:
 - Level 6.0(5.3) Fighting
 - Level 8.0(7.3) Short Blades
 + Level 4.8(4.2) Armour
 - Level 3.0(2.4) Dodging
 - Level 1.2(0.6) Stealth
 - Level 3.6(3.0) Unarmed Combat
 - Level 1.5(0.9) Spellcasting
 - Level 1.1(0.5) Hexes


You had 9 spell levels left.
You knew the following spells:

 Your Spells              Type           Power        Failure   Level  Hunger
a - Confusing Touch       Hex            #.......     94%         1    N/A
Your spell library was empty.

Dungeon Overview and Level Annotations

Branches:
Dungeon (7/12)
 Temple: D:4-7         Lair: D:7-9

Altars:
Ashenzari

Annotations:
D:2 Sigmund


Innate Abilities, Weirdness & Mutations

You do not eat or drink.
You are immune to poison.
Your flesh is cold resistant. (rC+)
Your body sometimes deteriorates upon taking damage.
You are immune to negative energy. (rN+++)
You regenerate a little health from kills.
You are immune to unholy pain and torment.
You can survive without breathing.
When hurt, damage is shared between your health and your magic reserves.
Your movements are slightly less encumbered by armour. (ER -2)
Casting spells heals you.


Message History

The orc hits the plant.
The kobold hits the plant.
The kobold hits the plant but does no damage.
The porcupine bites the fungus.
The kobold unwields a +0 club.
The kobold wields a +0 blowgun.
The kobold shoots a curare-tipped needle.
The curare-tipped needle closely misses you.
The orc hits the plant.
The kobold hits the plant but does no damage.
The porcupine bites you.
The kobold hits the fungus.
The porcupine bites the fungus!
Something hits the plant but does no damage.
The kobold hits the fungus.
The porcupine bites the fungus.
a - a +0 blowgun (weapon)
The porcupine bites you!
Firing (i - inventory. (/) - cycle)
q - 81 poisoned needles (quivered)
Press: ? - help, Shift-Dir - straight line, f - porcupine
Aim: a porcupine You shoot a poisoned needle.
The poisoned needle hits the porcupine!
The porcupine is poisoned.
The porcupine bites you.
Firing (i - inventory. (/) - cycle)
q - 80 poisoned needles (quivered)
Press: ? - help, Shift-Dir - straight line, f/p - porcupine
Aim: a porcupine (poisoned)
You shoot a poisoned needle.
The poisoned needle closely misses the porcupine.
The poisoned needle barely misses the kobold.
The porcupine bites you but does no damage.
Firing (i - inventory. (/) - cycle)
q - 79 poisoned needles (quivered)
Press: ? - help, Shift-Dir - straight line, f/p - porcupine
Aim: a porcupine (poisoned)
You shoot a poisoned needle.
The poisoned needle closely misses the porcupine.
The poisoned needle barely misses the kobold.
The porcupine bites you but does no damage.
Firing (i - inventory. (/) - cycle)
q - 78 poisoned needles (quivered)
Press: ? - help, Shift-Dir - straight line, f/p - porcupine
Aim: a porcupine (lightly wounded, poisoned)
You shoot a poisoned needle. The poisoned needle hits the porcupine.
The porcupine is lightly wounded.
The porcupine bites you but does no damage.
The porcupine bites you.
Firing (i - inventory. (/) - cycle)
q - 77 poisoned needles (quivered)
Press: ? - help, Shift-Dir - straight line, f/p - porcupine
Aim: a porcupine (moderately wounded, poisoned)
You shoot a poisoned needle.
The poisoned needle barely misses the porcupine.
The poisoned needle closely misses the kobold.
The poisoned needle barely misses the porcupine.
The porcupine bites you but does no damage.
Firing (i - inventory. (/) - cycle)
q - 76 poisoned needles (quivered)
Press: ? - help, Shift-Dir - straight line, f/p - porcupine
Aim: a porcupine (moderately wounded, poisoned)
You shoot a poisoned needle. The poisoned needle hits the porcupine.
The porcupine looks more poisoned.
The porcupine is moderately wounded.
The porcupine bites you but does no damage.
The porcupine bites you!
* * * LOW HITPOINT WARNING * * *
The porcupine barely misses you.
An orc comes into view. It is wielding a +0 morningstar.
You kill the porcupine!
The Council accepts your kill.
Your life force feels restored.
b - a +1 short sword (weapon)
The orc barely misses you.
You closely miss the orc. You hit the orc but do no damage.
The orc hits you with a +0 war axe.
* * * LOW HITPOINT WARNING * * *
You hit the orc.
The orc is heavily wounded.
You hit the orc but do no damage.
The orc is heavily wounded.
The orc hits you with a +0 war axe.
* * * LOW HITPOINT WARNING * * *
Throwing (i - inventory)
e - 94 javelins (quivered)
Press: ? - help, Shift-Dir - straight line, f - orc
Aim: an orc, wielding a +0 war axe (heavily wounded)
You throw a javelin. The javelin hits the orc.
You kill the orc!
The Council accepts your kill.
Throwing (i - inventory)
e - 93 javelins (quivered)
Press: ? - help, Shift-Dir - straight line, f - big kobold
Aim: a big kobold, quivering 149 bolts You throw a javelin.
The javelin closely misses the big kobold.
The javelin closely misses the porcupine.
The javelin hits the kobold!
You kill the kobold!
The Council accepts your kill.
The big kobold wields a +0 hand crossbow.
The big kobold shoots a bolt.
The bolt hits you.
* * * LOW HITPOINT WARNING * * *
Your muscles tense, ready for explosive movement...
You lunge with incredible momentum at the big kobold.
You puncture the big kobold!
The big kobold is moderately wounded.
You see here a +0 war axe.
You feel drained.
Your supernatural speed expires.
The big kobold shoots a bolt.
The bolt hits you but does no damage.
The big kobold shoots a bolt.
The bolt hits you!
You die...

# ....##. ####.#
........# #.@..#
P.......# #.####
....P..## #.#
P....PPP# #.#
#.P...###○# ..
#P.P.$.##K# ...
#.(PP.o.Kr#
...####oPPoP###[#
....P.PK..P.# #.#


You could see a big kobold, a porcupine and a kobold.

Vanquished Creatures
  2 porcupines (D:7)
  A sky beast (D:6)
  4 ogres
  2 centaurs
  2 scorpions
  2 crimson imps (D:6)
  A bullfrog skeleton (D:6)
  2 worker ants
  A gnoll (D:3)
  4 adders
  A shadow imp (D:5)
  2 adder skeletons
  2 worms
  2 dart slugs
  2 leopard geckos
  5 orcs
  2 bats
  3 hobgoblins (D:1)
  2 jackals (D:3)
  9 kobolds
  2 quokkas
  2 frilled lizards (D:3)
  3 goblins
  A jackal skeleton (D:6)
  A rat (D:1)
60 creatures vanquished.

Vanquished Creatures (others)
  8 fungi (D:7)
  4 plants (D:7)
12 creatures vanquished.

Grand Total: 72 creatures vanquished

Notes
Turn   | Place    | Note
-------+----------+-------------------------------------------
     0 | D:1      | Artagas the Skeleton Martial Artist began the quest for the
                  | Orb.
     0 | D:1      | Reached XP level 1. HP: 14/14 MP: 3/3
    93 | D:1      | HP: 2/14 [kobold (2)]
   135 | D:1      | Reached XP level 2. HP: 5/19 MP: 1/4
   193 | D:2      | Noticed Sigmund
   336 | D:2      | Reached skill level 4 in Fighting
   401 | D:3      | Reached XP level 3. HP: 9/24 MP: 3/5
   566 | D:3      | Reached ** piety under Wu Jian
   611 | D:4      | Noticed an ogre
   640 | D:4      | Killed an ogre
   641 | D:4      | Reached skill level 5 in Fighting
   641 | D:4      | Reached XP level 4. HP: 18/32 MP: 3/6
   641 | D:4      | Reached XP level 5. HP: 21/36 MP: 3/7
   811 | D:4      | Reached skill level 6 in Fighting
   811 | D:4      | Reached skill level 1 in Short Blades
   811 | D:4      | Reached skill level 1 in Armour
   937 | D:5      | Entered Level 5 of the Dungeon
   950 | D:5      | Found a shattered altar of Ashenzari.
   958 | D:5      | Noticed a centaur
   960 | D:5      | Killed a centaur
   961 | D:5      | Reached skill level 2 in Short Blades
   961 | D:5      | Reached skill level 2 in Armour
   961 | D:5      | Gained mutation: You regenerate a little health from kills.
                  | [Skeleton growth]
   961 | D:5      | Reached XP level 6. HP: 32/41 MP: 5/8
  1085 | D:5      | Reached skill level 3 in Short Blades
  1085 | D:5      | Reached skill level 3 in Armour
  1190 | D:6      | Noticed a sky beast
  1254 | D:6      | Killed a sky beast
  1255 | D:6      | Reached skill level 4 in Short Blades
  1255 | D:6      | Reached skill level 4 in Armour
  1255 | D:6      | Reached XP level 7. HP: 20/46 MP: 6/9
  1340 | D:6      | Reached skill level 5 in Short Blades
  1465 | D:6      | Reached skill level 6 in Short Blades
  1510 | D:6      | Reached skill level 7 in Short Blades
  1646 | D:7      | Reached skill level 8 in Short Blades
  1646 | D:7      | Reached XP level 8. HP: 27/51 MP: 6/10
  1693 | D:7      | HP: 7/51 [big kobold/bolt (3)]
  1696 | D:7      | Shot with a bolt by a big kobold

Skill      XL: |  1  2  3  4  5  6  7 |
---------------+----------------------+-----
Fighting       | 4 5 6 |  6.0
Short Blades   | 2 4 8 |  8.0
Armour         | 2 4 |  4.8
Dodging        | |  3.0
Stealth        | |  1.2
Unarmed Combat | |  3.6
Spellcasting   | |  1.5
Hexes          | |  1.1

Action                   |  1- 3 |  4- 6 |  7- 9 || total
-------------------------+-------+-------+-------++-------
Melee: Unarmed           |   139 |    41 |       ||   180
       Punch             |     3 |     1 |     1 ||     5
       Short sword       |       |    79 |   105 ||   184
       Blowgun           |       |       |     1 ||     1
 Fire: Blowgun           |       |     4 |    20 ||    24
Throw: Javelin           |     5 |     2 |     4 ||    11
Invok: Whirlwind         |    68 |    78 |    12 ||   158
       Lunge             |     8 |     8 |     3 ||    19
 Abil: Wall Jump         |     3 |     4 |       ||     7
       Serpent's Lash    |     1 |     2 |     2 ||     5
  Use: Scroll            |     1 |     2 |       ||     3
Armor: Scale mail        |     1 |       |       ||     1
       Plate armour      |    41 |    54 |    58 ||   153
Dodge: Dodged            |    44 |    34 |    42 ||   120

Levels and vault maps discovered:
D:1:      tarquinn_simple_flora_water_a, layout_rooms, minmay_indecisive_spiral
D:2:      layout_loops_corners, lemuel_round_altar, fedhas_ov_isle_minmay,
          uniq_crazy_yiuf_cottage, uniq_sigmund, uniq_jessica, uniq_terence
D:3:      layout_loops_ring, nicolae_qazlal_style_of_elements
D:4:      layout_basic, led_sif_book, grunt_dithmenos_shadows
D:5:      layout_layer_cave, kennysheep_mini, first_ration
D:6:      layout_loops_ring
D:7:      layout_loops_ring, minmay_temple_entry_glass,
          grunt_lair_entry_orc_guard_hut, serial_shops, shop,
          nicolae_shop_waterfront, shop, shop, uniq_menkaure

Table legend:
 A = Turns spent in this place as a percentage of turns spent in the entire game.
 B = Non-inter-level travel turns spent in this place as a percentage of non-inter-level travel turns spent in the entire game.
 C = Inter-level travel turns spent in this place as a percentage of turns spent in this place.
 D = Turns resting spent in this place as a percentage of non-inter-level travel turns spent in this place.
 E = Turns spent auto-exploring this place as a percentage of non-inter-level travel turns spent in this place.
 F = Non-inter-level travel turns spent in this place divided by the number of levels of this place that you've seen.
                   A       B       C       D       E      F
               +-------+-------+-------+-------+-------+----------------------
         Total | 100.0 | 100.0 |   2.2 |   0.0 |   4.5 | 236.9
       Dungeon | 100.0 | 100.0 |   2.2 |   0.0 |   4.5 | 236.9
               +-------+-------+-------+-------+-------+----------------------

Table legend:
 A = Kills in this place as a percentage of kills in entire the game.
 B = Kills by you in this place as a percentage of kills by you in the entire game.
 C = Kills by friends in this place as a percentage of kills by friends in the entire game.
 D = Other kills in this place as a percentage of other kills in the entire game.
 E = Experience gained in this place as a percentage of experience gained in the entire game.
 F = Experience gained in this place divided by the number of levels of this place that you have seen.
                   A       B       C       D       E      F
               +-------+-------+-------+-------+-------+----------------------
         Total | 100.0 | 100.0 |   N/A |   N/A | 100.0 | 236.3
       Dungeon | 100.0 | 100.0 |   N/A |   N/A | 100.0 | 236.3
               +-------+-------+-------+-------+-------+----------------------
